AoeStats
← busy pushing deer

Nomad

510427979Analyzed
4v4 RM · 1d ago on Oct 1, 2026· 15m 7s· 8 players
Game mode
Random Map
Map size
231×231
Population
200
Speed
Normal
Resources
Standard
Victory
Conquest
Starting age
Dark Age
Ending age
Imperial Age
RankedLock teamsTeams togetherTeam positionsShared explorationLock speedFull tech treeHidden civsTurbo modeCheats
Victory
Defeat
🇲🇽 Franks · Mexico
1445
+13
🇺🇸 Saxons · United States
1436
+14
1390
+15
🇦🇷 Vietnamese · Argentina
1357
+17
🇨🇦 Mongols · Canada
1455
-17
🇺🇸 Persians · United States
1451
-18
🇵🇪 Slavs · Peru
1308
-12
🇵🇪 Italians · Peru
1307
-12
El Culeco
10:28 Loom
12:23 Feudal Age
10:39 Loom
12:51 Double-Bit Axe
13:53 Double-Bit Axe
14:59 Wheelbarrow
TRUMP MAKE RUSSIA GREAT AGAIN
14:39 Feudal Age
busy pushing deer
7:30 Loom
13:49 Feudal Age
[TBArg] Search088
3:04 Loom
mikeymazko
5:50 Loom
15:34 Feudal Age
Kierkegaard
4:34 Loom
12:47 Feudal Age
13:57 Town Watch
17:20 Castle Age
bruce6633
5:34 Loom
14:30 Feudal Age
aariva83
4:21 Loom
14:01 Feudal Age
Connection lost

Rejoining the realm…

Still unreachable

The connection could not be restored.

Session expired

The server has moved on; the page needs a fresh start.